 Dungeon Crawl Stone Soup version 0.32-a0-673-g3729bd50f8 (webtiles) character file.

Game seed: 18196862509638932317

23 Esekla the Grave Robber (level 2, -2/24 HPs)
             Began as a Mountain Dwarf Necromancer on Mar 10, 2024.
             Slain by a kobold
             ... wielding a +1 dagger of speed
              (4 damage)
             ... on level 1 of the Dungeon.
             The game lasted 00:05:00 (615 turns).

Esekla the Grave Robber (Mountain Dwarf Necromancer) Turns: 615, Time: 00:05:00

Health: -2/24      AC:  4    Str: 10    XL:     2   Next: 75%
Magic:  4/4        EV: 11    Int: 13    God:
Gold:   12         SH:  0    Dex: 10    Spells: 3/4 levels left

rFire   + + .        d - staff of fire
rCold   + . .        (no shield)
rNeg    . . .        a - +0 robe
rPois   +            (no helmet)
rElec   +            (no cloak)
rCorr   +            (no gloves)
SInv    .            (no boots)
Will    .....        (no amulet)
Stlth   ++           (no ring)
HPRegen 0.24/turn    (no ring)
MPRegen 0.09/turn

%: no passive effects
@: resistant
A: runic magic, artefact enchanting, claws 1, iridescent scales 1, dopey 1,
robust 1
a: no special abilities


You were on level 1 of the Dungeon.
You visited 1 branch of the dungeon, and saw 1 of its levels.

You collected 12 gold pieces.

Inventory:

Missiles
 c - 6 poisoned darts
Armour
 a - a +0 robe (worn)
Magical Staves
 d - a staff of fire (weapon)
Potions
 b - a potion of magic
 e - a potion of mutation


   Skills:
 * Level 0.4 Fighting
 + Level 0.4 Axes
 + Level 1.0 Staves
 + Level 1.4 Dodging
 + Level 1.5 Stealth
 * Level 1.8 Spellcasting
 * Level 4.9 Necromancy


You had 3 spell levels left.
You knew the following spells:

 Your Spells              Type           Power      Damage    Failure   Level
a - Necrotise             Necr           52%        1d6       3%          1

Your spell library contained the following spells:

 Spells                   Type           Power      Damage    Failure   Level
 Vampiric Draining        Necr           13%        2d6       11%         3
 Cigotuvi's Dreadful Rot  Necr/Alch/Air  10%        N/A       21%         2
 Animate Dead             Necr           13%        N/A       34%         4
 Curse of Agony           Necr           13%        N/A       67%         5
 Ignite Poison            Fire/Alch      1%         N/A       95%         4
 Freezing Cloud           Conj/Ice/Air   0%         6-21      100%        5


Dungeon Overview and Level Annotations

Branches:
Dungeon (1/15)

Altars:

Shops:
D:1 =


Innate Abilities, Weirdness & Mutations

Your spellcasting is much less encumbered by armour.
You can use scrolls of enchantment on lesser artefacts.
You have sharp fingernails.
You are partially covered in iridescent scales. (AC +2)
You are dopey. (Int -2)
You are robust. (+10% HP)


Message History

The kobold hits you with a +1 dagger of speed.
You barely miss the kobold. The kobold closely misses you.
The kobold hits you with a +1 dagger of speed.
You closely miss the kobold.
The kobold hits you with a +1 dagger of speed.
You barely miss the kobold.
The kobold hits you with a +1 dagger of speed.
The kobold barely misses you.
You miss the kobold.
The kobold hits you with a +1 dagger of speed.
The kobold barely misses you.
You barely miss the kobold. The kobold barely misses you.
You hit the kobold.
The kobold is severely wounded.
The kobold hits you with a +1 dagger of speed. x2
* * * LOW HITPOINT WARNING * * *
You closely miss the kobold.
The kobold is severely wounded.
The kobold hits you with a +1 dagger of speed.
* * * LOW HITPOINT WARNING * * *
The kobold barely misses you.
You barely miss the kobold.
The kobold is severely wounded.
The kobold hits you with a +1 dagger of speed.
* * * LOW HITPOINT WARNING * * *
The kobold closely misses you.
It was a potion of mutation.
You feel extremely strange.
Iridescent scales grow over part of your body.
You feel stupid.
You feel robust.
Your fingernails lengthen.
The kobold hits you but does no damage.
You barely miss the kobold.
The kobold is severely wounded.
The kobold hits you but does no damage. x2
It was a potion of resistance.
You feel protected. The kobold closely misses you.
The kobold hits you but does no damage.
You hit the kobold but do no damage.
The kobold is severely wounded.
The kobold hits you with a +1 dagger of speed.
You die...

## .# # .# #.##.#
#.#.. #..J#
############K##
##
###..........@..#
..
........>....####
..........##.#
...........#.####
...........#.##..
...........#.##.#
...........#.##.#
...........#.##.#
................#


You could see an endoplasm and a kobold.

Vanquished Creatures
  2 dart slugs (D:1)
  3 endoplasms (D:1)
  2 giant cockroaches (D:1)
  A hobgoblin (D:1)
  2 quokkas (D:1)
  4 bats (D:1)
  A kobold (D:1)
  3 rats (D:1)
18 creatures vanquished.

Notes
Turn   | Place    | Note
-------+----------+-------------------------------------------
     0 | D:1      | Esekla the Mountain Dwarf Necromancer began the quest for
                  | the Orb.
     0 | D:1      | Reached XP level 1. HP: 14/14 MP: 3/3
   284 | D:1      | Found Onibbod's Jewellery Boutique.
   311 | D:1      | Reached XP level 2. HP: 10/20 MP: 4/4
   563 | D:1      | Reached skill level 1 in Staves
   611 | D:1      | HP: 1/22 [kobold/+1 dagger of speed (2)]
   612 | D:1      | Gained mutation: You are partially covered in iridescent
                  | scales. (AC +2) [potion of mutation]
   612 | D:1      | Gained mutation: You are dopey. (Int -2) [potion of
                  | mutation]
   612 | D:1      | Gained mutation: You are robust. (+10% HP) [potion of
                  | mutation]
   612 | D:1      | Gained mutation: You have sharp fingernails. [potion of
                  | mutation]
   615 | D:1      | Slain by a kobold

Illustrated notes

Levels and vault maps discovered:
D:1:      roderic_crossed_star, layout_basic, serial_shops,
          nicolae_shop_advertising_works [nicolae_subvault_shop_adworks]

Skill      XL: |  1  2 |
---------------+-------+-----
Staves         | 1 |  1.0
Fighting       | |  0.4
Axes           | |  0.4
Dodging        | |  1.4
Stealth        | |  1.5
Spellcasting   | |  1.8
Necromancy     | |  4.9

Action                     || total
---------------------------++-------
  Melee: Staff             ||    83
    Use: Potion            ||     2
   Stab: Sleeping          ||     1
 Armour: Robe              ||    65
  Dodge: Dodged            ||    56

Table legend: (Time is in decaauts)
 A = Elapsed time spent in this place.
 B = Non-inter-level travel time spent in this place.
 C = Inter-level travel time spent in this place.
 D = Time resting spent in this place.
 E = Time spent auto-exploring this place.
 F = Levels seen in this place.
 G = Mean time per level.
                   A        B        C        D        E       F      G
               +--------+--------+--------+--------+--------+-----+--------+
         Total |    628 |    628 |      0 |    197 |     13 |   1 |  628.0 |
       Dungeon |    628 |    628 |      0 |    197 |     13 |   1 |  628.0 |
               +--------+--------+--------+--------+--------+-----+--------+

Top non-repeatable levels by time:
     D:1: 628 daAuts
